 Dungeon Crawl Stone Soup version 0.20.0-8-g6b59dc7 (webtiles) character file.

326 cereshysteria the Grave Robber (level 6, -5/45 HPs)
             Began as a Hill Orc Necromancer on June 1, 2017.
             Killed by divine providence
             ... invoked by an orc priest
              (17 damage)
             ... on level 4 of the Dungeon.
             The game lasted 00:15:02 (4675 turns).

cereshysteria the Grave Robber (HONe)               Turns: 4675, Time: 00:15:02

Health: -5/45      AC:  6    Str: 11    XL:     6   Next: 49%
Magic:  8/8        EV: 13    Int: 17    God:
Gold:   160        SH:  0    Dex: 11    Spells: 0/8 levels left

rFire    . . .     SeeInvis .   u - +5 quarterstaff (chaos)
rCold    . . .     Gourm    .   (shield currently unavailable)
rNeg     . . .     Faith    +   a - +0 robe
rPois    .         Spirit   .   w - +0 helmet
rElec    .         Reflect  .   v - +0 cloak
rCorr    .         Harm     .   q - +0 pair of gloves
MR       .....                  f - +0 pair of boots
Stlth    ++........             p - amulet of faith
Regen    0.2/turn               (no ring)
MPRegen  0.2/turn               (no ring)

@: no status effects
A: no striking features
a: Convert to Beogh


You were on level 4 of the Dungeon.
You were not hungry.

You visited 1 branch of the dungeon, and saw 4 of its levels.

You collected 160 gold pieces.

Inventory:

Hand Weapons
 j - a +0 halberd
 u - a +5 quarterstaff of chaos (weapon)
Armour
 a - a +0 robe (worn)
 f - a +0 pair of boots (worn)
 q - a +0 pair of gloves (worn)
 v - a +0 cloak (worn)
 w - a +0 helmet (worn)
 y - a +0 large shield
Jewellery
 p - an amulet of faith (around neck)
Wands
 t - a wand of random effects (31/48)
Scrolls
 d - a scroll of teleportation
 e - 2 scrolls of remove curse
 h - 2 scrolls of blinking
 i - 3 scrolls of identify
 r - a scroll of enchant weapon
 z - a scroll of amnesia
Potions
 c - 2 potions of ambrosia {unknown}
 g - a potion of magic {unknown}
 k - a potion of heal wounds {unknown}
 l - a potion of might {unknown}
 m - a potion of curing {unknown}
 n - 3 potions of flight {unknown}
 x - a potion of mutation {unknown}
 A - a potion of haste {unknown}
Books
 b - a book of Necromancy

   Spells                             Type                      Level
   a - Pain                           Necromancy                   1
   b - Animate Skeleton               Necromancy                   1
   c - Vampiric Draining              Necromancy                   3
   d - Regeneration                   Charms/Necromancy            3
   e - Animate Dead                   Necromancy                   4
   f - Control Undead                 Necromancy                   4
Comestibles
 o - 2 meat rations
 s - a royal jelly


   Skills:
 + Level 1.5 Polearms
 + Level 2.9 Dodging
 + Level 2.9 Stealth
 - Level 1.5 Spellcasting
 * Level 6.0 Necromancy


You couldn't memorise any spells.
You knew the following spells:

 Your Spells              Type           Power        Failure   Level  Hunger
a - Pain                  Necr           ###.         1%          1    ##.....
b - Vampiric Draining     Necr           ###.......   4%          3    ####...
c - Animate Dead          Necr           N/A          16%         4    #####..


Dungeon Overview and Level Annotations

Branches:
Dungeon (4/15)
 Temple: D:4-7

Altars:
Dithmenos
Fedhas
Hepliaklqana
Qazlal
Ru
Xom
Zin

Shops:
D:4 [(=

Annotations:
D:4 2 transporters


Message History

You closely miss the orc wizard.
The orc wizard is severely wounded.
The orc wizard gestures at you while chanting.
The magic dart hits you!
The orc priest shouts, "Beogh is our master!
Accept the truth or die!"
You hit the orc wizard.
You hear a whooshing sound.
The orc wizard is severely wounded.
The orc wizard hits you but does no damage.
You thump the orc wizard!
You kill the orc wizard!
The orc priest hits you with a hand axe.
The orc priest mumbles some strange prayers to Beogh against you.
Pain shoots through your body!
The orc priest invokes the aid of Beogh against you.
Pain shoots through your body!
* * * LOW HITPOINT WARNING * * *
The orc priest calls down the wrath of Beogh upon you.
Beogh smites you!
You die...

##### #...## #.#Z.#
#.##Z## #.##..#
#.###.## #.# #..#
#.# ##.#
###################
#.# #.#
#.@....ogo..).l.g..
#.# #.###
#.#################
#.# #⌠.⌠#
#.########## #.#
#.∩.#####.....<.....
#Z#
#⌠.⌠...Z...#######..
#.#####........##
#.# #........#######
#.# #######..# #.#
#..# #.# #


You could see an orc priest, a gnoll and an orc.

Vanquished Creatures
  A howler monkey (D:3)
  2 hounds (D:4)
  Crazy Yiuf (D:2)
  An orc wizard (D:4)
  Ijyb (D:3)
  4 gnolls
  3 adders
  An ooze (D:1)
  2 worms (D:3)
  3 dart slugs
  4 leopard geckos
  5 orcs (D:3)
  4 giant cockroaches
  9 goblins
  3 hobgoblins
  4 jackals (D:3)
  2 quokkas (D:3)
  7 bats
  2 frilled lizards
  A jackal zombie (D:3)
  5 kobolds
  7 rats
72 creatures vanquished.

Notes
Turn   | Place    | Note
-------+----------+-------------------------------------------
     0 | D:1      | cereshysteria the Hill Orc Necromancer began the quest for the Orb.
     0 | D:1      | Reached XP level 1. HP: 14/14 MP: 3/3
   167 | D:1      | Reached XP level 2. HP: 6/20 MP: 0/4
   910 | D:1      | Reached XP level 3. HP: 23/26 MP: 1/5
  1732 | D:2      | Found a sacrificial altar of Ru.
  1984 | D:2      | Found a shadowy altar of Dithmenos.
  2172 | D:2      | Found a stormy altar of Qazlal.
  2173 | D:2      | Found a glowing silver altar of Zin.
  2213 | D:2      | Reached XP level 4. HP: 27/33 MP: 1/6
  2217 | D:2      | Reached skill level 5 in Necromancy
  2458 | D:2      | Found a runed door.
  2710 | D:2      | Noticed Crazy Yiuf
  2715 | D:2      | Killed Crazy Yiuf
  3136 | D:3      | Noticed Ijyb
  3166 | D:3      | Found a blossoming altar of Fedhas.
  3171 | D:3      | Reached XP level 5. HP: 36/38 MP: 3/7
  3621 | D:3      | Killed Ijyb
  3629 | D:3      | Reached skill level 1 in Polearms
  3880 | D:3      | Reached XP level 6. HP: 34/45 MP: 1/8
  4020 | D:3      | Found a shimmering altar of Xom.
  4023 | D:3      | Found a bloodstained altar of Trog.
  4023 | D:3      | Found a shimmering altar of Xom.
  4068 | D:3      | Found a glowing silver altar of Zin.
  4068 | D:3      | Found a shimmering altar of Xom.
  4068 | D:3      | Found a shimmering altar of Xom.
  4224 | D:4      | Found a transporter.
  4252 | D:4      | Found Heiclych's Jewellery Shoppe.
  4345 | D:4      | Found Devoesh's Antique Weapon Emporium.
  4374 | D:4      | Found a hazy altar of Hepliaklqana.
  4374 | D:4      | Found a transporter.
  4483 | D:4      | Learned a level 3 spell: Vampiric Draining
  4488 | D:4      | Learned a level 4 spell: Animate Dead
  4503 | D:4      | Reached skill level 6 in Necromancy
  4569 | D:4      | Found Uruops's Armour Shoppe.
  4675 | D:4      | Killed from afar by an orc priest

Skill      XL: |  1  2  3  4  5  6 |
---------------+-------------------+-----
Dodging        | 2 |  2.9
Stealth        | 2 |  2.9
Necromancy     | 5 6 |  6.0
Polearms       | 1 |  1.5
Spellcasting   | |  1.5

Action                   |  1- 3 |  4- 6 || total
-------------------------+-------+-------++-------
Melee: Unarmed           |    18 |       ||    18
       Halberd           |    10 |     4 ||    14
       Quarterstaff      |       |    38 ||    38
 Cast: Pain              |    58 |    89 ||   147
       Animate Dead      |       |     1 ||     1
  Use: Potion            |     1 |       ||     1
       Scroll            |       |     9 ||     9
  Eat: Bread ration      |     1 |     1 ||     2
       Chunk             |       |     3 ||     3
       Meat ration       |       |     1 ||     1
Armor: Skin              |     9 |     4 ||    13
       Robe              |     4 |    25 ||    29
Dodge: Dodged            |    34 |    46 ||    80
